 Dungeon Crawl Stone Soup version 0.28.0-1-gb440e238dd (webtiles) character file.

Game seed: 4507289472939748377

95935 fknight the Severer (level 16, -6/147 HPs)
             Began as a Hill Orc Monk on Feb 27, 2022.
             Was a High Priest of Beogh.
             Killed from afar by a shock serpent (20 damage)
             ... with a bolt of electricity
             ... on level 3 of the Snake Pit.
             The game lasted 03:51:12 (44227 turns).

fknight the Severer (Hill Orc Monk)                Turns: 44227, Time: 03:51:15

Health: -6/147     AC: 18    Str: 30    XL:     16   Next: 15%
Magic:  0/27       EV: 15    Int: 10    God:    Beogh [*****.]
Gold:   2006       SH:  9    Dex: 15    Spells: 15/15 levels left

rFire   + . .      SeeInvis .   D - +4 broad axe of Darkness {flame, rC- Str+5}
rCold   x . .      Faith    .   q - +2 buckler {rC+}
rNeg    + . .      Spirit   +   Y - +3 plate armour
rPois   .          Reflect  .   i - +0 helmet
rElec   .          Harm     .   d - +2 cloak
rCorr   .          Rampage  .   (no gloves)
Will    +....                   j - +0 pair of boots
Stlth   +.........              T - amulet of guardian spirit
HPRegen 0.34/turn               e - ring of the Queen {Fire rN+ Str+3 Dex+2 Stlth+}
MPRegen 0.20/turn               E - +4 ring of evasion

@: no status effects
A: walk on water
a: Renounce Religion, Smiting, Recall Orcish Followers, Give Item to Named
Follower


You were on level 3 of the Snake Pit.
You worshipped Beogh.
Beogh was extremely pleased with you.
You visited 4 branches of the dungeon, and saw 23 of its levels.

You collected 2253 gold pieces.
You spent 247 gold pieces at shops.

Inventory:

Hand Weapons
 a - a +3 war axe
 g - a +2 mace of holy wrath
 m - the +7 mace of Variability {chain chaos}
   (You found it on level 12 of the Dungeon)

   Each time it hits an enemy it has a different, random effect.
   It occasionally unleashes arcs of chaos on nearby creatures upon striking a
   foe.
 p - the +3 spear of Glory {spect, rCorr Str+3 SInv}
   (You took it off a kobold on level 4 of the Dungeon)

   When its wielder attacks, the weapon's spirit leaps out and strikes again.
   The spirit shares a part of any damage it takes with its wielder.
   Str:       It affects your strength (+3).
   SInv:      It lets you see invisible.
   rCorr:     It protects you from acid and corrosion.
 r - a +2 flail of protection
 D - the +4 broad axe of Darkness (weapon) {flame, rC- Str+5}
   (You found it on level 4 of the Lair of Beasts)

   It burns those it strikes, dealing additional fire damage.
   Big, fiery blades are also staple armaments of hydra-hunters.
   Str:       It affects your strength (+5).
   rC:        It makes you vulnerable to cold.
 F - a +3 scimitar
 G - a +3 halberd
 N - a +3 trident
 P - a +1 hunting sling
 U - a +2 halberd of distortion
Missiles
 b - a silver boomerang
 f - 7 curare-tipped darts
 h - 37 poisoned darts
 t - 115 sling bullets
 A - 4 datura-tipped darts
 C - 7 boomerangs (quivered)
 Z - 6 throwing nets
Armour
 c - a scarf of resistance
 d - a +2 cloak (worn)
 i - a +0 helmet (worn)
 j - a +0 pair of boots (worn)
 q - a +2 buckler of cold resistance (worn)
 s - the +1 chain mail of Too Many Cooks {rPois Slay+3}
   (You took it off an orc warrior on level 5 of the Dungeon)

   Slay:      It affects your accuracy & damage with ranged weapons and melee
   (+3).
   rPois:     It protects you from poison.
 R - a +2 kite shield
 X - the +0 leather armour of the Tarantula {Harm rElec rC++}
   (You took it off an orc on level 5 of the Dungeon)

   rC:        It greatly protects you from cold.
   rElec:     It insulates you from electricity.
   Harm:      It increases damage dealt and taken.
 Y - a +3 plate armour (worn)
Jewellery
 e - the ring of the Queen (left hand) {Fire rN+ Str+3 Dex+2 Stlth+}
   (You found it on level 2 of the Lair of Beasts)

   [ring of fire]

   It enhances your fire magic.
   Str:       It affects your strength (+3).
   Dex:       It affects your dexterity (+2).
   rF:        It protects you from fire.
   rC:        It makes you vulnerable to cold.
   rN:        It protects you from negative energy.
   Stlth:     It makes you more stealthy.
 k - a ring of flight
 v - an amulet of regeneration
 z - a ring of resist corrosion
 E - a +4 ring of evasion (right hand)
 T - an amulet of guardian spirit (around neck)
Wands
 l - a wand of iceblast (7)
 y - a wand of flame (13)
 M - a wand of mindburst (10)
 Q - a wand of polymorph (12)
 W - a wand of charming (4)
Scrolls
 n - 6 scrolls of teleportation
 H - 5 scrolls of identify
 J - 5 scrolls of fear
 L - 3 scrolls of fog
Potions
 o - 2 potions of resistance
 u - 2 potions of might
 w - 3 potions of brilliance
 x - 3 potions of cancellation
 K - a potion of ambrosia
 O - 4 potions of flight
 S - 2 potions of magic
 V - 3 potions of curing
Miscellaneous
 I - a condenser vane


   Skills:
 + Level 14.7 Fighting
 + Level 15.7 Axes
 + Level 10.6 Dodging
 + Level 11.3 Stealth
 + Level 12.5 Shields
 + Level 14.7 Invocations


You had 15 spell levels left.
You didn't know any spells.
Your spell library contained the following spells:

 Spells                   Type           Power      Damage    Failure   Level
 Summon Small Mammal      Summ           0%         N/A       99%         1
 Ensorcelled Hibernation  Hex/Ice        0%         N/A       100%        2
 Call Canine Familiar     Summ           0%         N/A       100%        3
 Conjure Flame            Conj/Fire      0%         6-21      100%        3
 Frozen Ramparts          Ice            0%         1d2       100%        3
 Ignite Poison            Fire/Tmut/Pois 0%         N/A       100%        3
 Spider Form              Tmut/Pois      0%         N/A       100%        3
 Summon Guardian Golem    Hex/Summ       0%         N/A       100%        3
 Tukima's Dance           Hex            0%         N/A       100%        3
 Anguish                  Hex/Necr       0%         N/A       100%        4
 Ice Form                 Ice/Tmut       0%         N/A       100%        4
 Leda's Liquefaction      Hex/Erth       0%         N/A       100%        4
 Passage of Golubria      Tloc           0%         N/A       100%        4
 Sticky Flame             Conj/Fire      0%         2d3       100%        4
 Summon Ice Beast         Ice/Summ       0%         N/A       100%        4
 Lee's Rapid Deconstruct  Erth           0%         3d5*      100%        5
 Yara's Violent Unravell  Hex/Tmut       0%         3d3       100%        5
 Statue Form              Tmut/Erth      0%         N/A       100%        6
 Chain Lightning          Conj/Air       0%         N/A       100%        9
 Fire Storm               Conj/Fire      0%         5d1       100%        9
 Shatter                  Erth           0%         3d5*      100%        9


Dungeon Overview and Level Annotations

Branches:
Dungeon (13/15)            Temple (0/1) D:6            Lair (6/6) D:8
 Shoals (0/4) Lair:3        Snake (3/4) Lair:2        Slime (0/5) Lair:5
    Orc (1/2) D:11         Vaults (0/5) D:13

Altars:
Cheibriados
Nemelex Xobeh
Ru
Xom
Yredelemnul
Beogh
Jiyva

Shops:
D:7 *   D:9 :   Snake:2 *

Annotations:
Snake:3 Roxanne


Message History

The naga warrior looks frightened!
The naga looks frightened!
The salamander looks frightened!
The naga sharpshooter shoots a bolt.
The bolt barely misses Blodwig.
The bolt completely misses Korbok.
The bolt hits you but does no damage.
Wargath hits the naga warrior with a +3 great mace of draining!!
You swap places.
The naga sharpshooter spits poison at you.
The splash of poison hits Korbok.
Korbok shoots a bolt.
The bolt hits the naga sharpshooter.
Korbok shoots a bolt.
The bolt hits the naga sharpshooter!!
You hear an angry hiss.
Wargath looks more healthy.
The naga sharpshooter shoots a bolt.
The bolt completely misses you.
Korbok shoots a bolt.
The bolt hits the naga sharpshooter!!
A shock serpent comes into view.
Blodwig looks more healthy.
Your orc knight no longer looks unusually strong.
Wargath roars a battlecry!
Your orc knight goes into a battle-frenzy!
The naga sharpshooter shoots a bolt.
The bolt misses you.
Wargath no longer looks unusually strong.
Your orc knight roars a battlecry!
Wargath goes into a battle-frenzy!
The naga sharpshooter shoots a bolt.
The bolt hits Korbok!!
Korbok unwields a +0 arbalest.
Korbok wields the +8 spear of Fortitude {flame, Int+5}.
It bursts into flame!
Korbok hits the naga sharpshooter with the +8 spear of Fortitude {flame, Int+5}!!!
Korbok burns the naga sharpshooter!
The naga sharpshooter dies!
Beogh accepts your kill.
Korbok looks more healthy.
You slice the shock serpent!! You burn the shock serpent.
The shock serpent is severely wounded.
The shock serpent's electric aura discharges, shocking you!
* * * LOW HITPOINT WARNING * * *
The shock serpent barely misses you.
The shock serpent shoots out a bolt of lightning at you!
The bolt of electricity hits you!!
You die...

........ ........ .N...
........ #...#
##############...## .
........N..#......# ##.#
.........o........#.....
..........o.......#..#
................[....#
.............†..@S...##.
.................o).....
..................#..##.
.............)....# .#
..................# #
...........#...(.##
...........##...##
##########...# .....


You could see a shock serpent (ally target), a naga (strong, fleeing), the
friendly Blodwig the orc warlord (strong), the friendly Korbok the orc warlord
(strong) and a friendly orc knight (strong).

Vanquished Creatures
  2 nagarajas
  Snorg (D:11)
  A vault guard (D:13)
  2 naga warriors
  6 hydras
  A centaur warrior (D:13)
  A boulder beetle (Lair:2)
  An anaconda (Snake:1)
  3 two-headed ogres
  A death yak (Lair:5)
  A tengu warrior (D:12)
  A naga sharpshooter (Snake:1)
  A shock serpent (Snake:1)
  A naga ritualist (Snake:1)
  A lindwurm (Lair:6)
  3 mana vipers
  A manticore (D:10)
  2 ugly things
  3 salamanders
  3 elephants (Lair:6)
  3 naga magi
  13 black mambas
  2 guardian serpents
  10 cane toads
  An unseen horror (D:10)
  2 rime drakes
  Maggie (D:6)
  A tengu conjurer (D:13)
  3 kobold demonologists
  9 komodo dragons
  A polar bear (Lair:4)
  2 meliai zombies (D:12)
  A dream sheep (Lair:6)
  14 blink frogs
  A dire elephant simulacrum (Lair:4)
  A shadow (D:12)
  3 wyverns
  33 yaks
  A wraith (D:9)
  A spriggan (Lair:1)
  4 basilisks
  3 steam dragons
  4 vampire mosquitoes
  10 nagas
  3 acid dragons
  2 hell hounds (Lair:6)
  16 water moccasins
  A necrophage (D:8)
  2 black bears
  A boggart (D:10)
  An orc warrior (D:5)
  2 ice beasts
  2 ogres
  5 wolves
  4 centaurs
  The ghost of meepyknight the Covered, an amateur GrFi (D:5)
  2 bullfrogs
  6 kobold brigands
  A gnoll sergeant (D:8)
  2 scorpions
  A water moccasin skeleton (D:5)
  3 wights (D:8)
  6 killer bees
  6 electric eels
  3 howler monkeys (D:7)
  A bullfrog zombie (D:6)
  12 centaur zombies
  A bullfrog skeleton (D:6)
  3 hounds
  3 orc priests
  2 jellies
  3 iguanas
  4 orc wizards
  A troll simulacrum (Lair:4)
  2 killer bee zombies
  A hound skeleton (D:5)
  7 gnolls
  A howler monkey zombie (D:9)
  A howler monkey skeleton (D:7)
  4 adders
  2 naga simulacra (Lair:4)
  A shadow imp (D:6)
  2 white imps
  An ufetubus (D:6)
  A worm (D:3)
  2 dart slugs (D:1)
  20 orcs
  9 ball pythons
  3 bats
  3 endoplasms
  4 giant cockroaches
  11 hobgoblins
  7 quokkas
  8 frilled lizards
  2 goblins
  18 kobolds
  8 rats
378 creatures vanquished.

Vanquished Creatures (collateral kills)
  Louise (Snake:3)
  A fire dragon (Lair:6)
  Josephine (D:13)
  The ghost of Zusoliwk the Archer, a journeyman CeHu of Okawaru (Lair:1)
  2 naga warriors (Snake:1)
  7 hydras
  4 vault guards (D:13)
  2 boulder beetles
  A salamander tyrant (Snake:1)
  Harold (D:10)
  6 anacondas
  2 catoblepae
  4 centaur warriors
  5 death yaks
  A shock serpent (Snake:2)
  5 naga sharpshooters
  3 skeletal warriors (D:10)
  A salamander mystic (Snake:1)
  A naga ritualist (Snake:2)
  A wizard (D:13)
  3 ugly things
  5 mana vipers
  5 salamanders
  A cyclops (Orc:1)
  2 manticores
  13 elephants (Lair:6)
  A merfolk siren (Lair:3)
  18 black mambas
  2 guardian serpents (Snake:1)
  2 molten gargoyles (Lair:6)
  9 naga magi
  A yaktaur (D:13)
  8 cane toads
  An efreet (D:13)
  A rime drake (Lair:6)
  3 ice devils (Lair:4)
  10 komodo dragons
  2 gargoyles
  A tengu conjurer (D:13)
  4 polar bears
  2 trolls
  5 blink frogs
  5 dream sheep (Lair:6)
  A spriggan (Lair:1)
  4 wraiths (D:13)
  2 wyverns
  25 yaks
  3 basilisks
  5 vampire mosquitoes
  A steam dragon (Lair:6)
  15 nagas
  11 water moccasins
  2 hell hounds (Lair:6)
  5 orc warriors
  5 wolves
  8 centaurs
  2 bullfrogs
  5 killer bees (D:10)
  A wight (D:10)
  2 electric eels (Lair:4)
  3 centaur zombies
  5 lava snakes (Lair:6)
  3 orc priests
  2 orc wizards (D:10)
  10 orcs
  A kobold (D:10)
  2 fungi
  3 plants
280 creatures vanquished.

Vanquished Creatures (others)
  2 orc knights (Snake:1)
  A polar bear (shapeshifter) (Lair:2)
  5 orc wizards
  4 orc warriors
  3 orc priests
  An adder (D:5)
  A dart slug (D:5)
  19 orcs
  A hobgoblin (D:1)
  2 kobolds (D:9)
  58 fungi
  107 plants
204 creatures vanquished.

Grand Total: 862 creatures vanquished

Notes
Turn   | Place    | Note
-------+----------+-------------------------------------------
     0 | D:1      | fknight the Hill Orc Monk began the quest for the Orb.
     0 | D:1      | Reached XP level 1. HP: 19/19 MP: 1/1
    53 | D:1      | Reached XP level 2. HP: 11/27 MP: 2/2
   585 | D:1      | Reached XP level 3. HP: 33/33 MP: 3/3
   627 | D:1      | Found a faded altar of an unknown god.
  2492 | D:3      | Reached XP level 4. HP: 40/40 MP: 4/4
  3010 | D:4      | Identified the +3 spear of Glory {spect, rCorr Str+3 SInv}
  3271 | D:4      | Reached skill level 5 in Axes
  3271 | D:4      | Reached XP level 5. HP: 47/47 MP: 5/5
  3461 | D:4      | Found a sparkling altar of Nemelex Xobeh.
  3463 | D:4      | Found a bloodstained altar of Trog.
  3463 | D:4      | Found a shimmering altar of Xom.
  3465 | D:4      | Found a blossoming altar of Fedhas.
  3465 | D:4      | Found an ancient bone altar of Kikubaaqudgha.
  3465 | D:4      | Found a radiant altar of Vehumet.
  3685 | D:4      | Noticed a black bear
  3706 | D:5      | Entered Level 5 of the Dungeon
  3787 | D:5      | Became a worshipper of Beogh the Brigand
  3787 | D:5      | Reached * piety under Beogh
  3787 | D:5      | Reached ** piety under Beogh
  3934 | D:5      | Noticed an ogre
  3938 | D:5      | Killed an ogre
  3939 | D:5      | Reached skill level 5 in Fighting
  3939 | D:5      | Reached XP level 6. HP: 56/56 MP: 6/6
  4106 | D:5      | Noticed an ice beast
  4117 | D:5      | Killed an ice beast
  4192 | D:5      | Reached skill level 6 in Axes
  4192 | D:5      | Reached XP level 7. HP: 57/61 MP: 7/7
  4219 | D:5      | Reached skill level 1 in Invocations
  4467 | D:5      | Found a runed translucent gate.
  4468 | D:5      | Found a runed translucent gate.
  4468 | D:5      | Identified the +1 chain mail of Too Many Cooks {rPois
                  | Slay+3}
  4468 | D:5      | Noticed meepyknight's ghost (amateur GrFi)
  4469 | D:5      | Found a runed translucent gate.
  4472 | D:5      | Identified the +0 leather armour of the Tarantula {Harm
                  | rElec rC++}
  4521 | D:5      | Reached skill level 1 in Shields
  4548 | D:5      | You are sucked into a shaft and drop 3 floors!
  4563 | D:8      | Noticed a kobold demonologist
  4571 | D:8      | Noticed a chaos spawn
  4575 | D:8      | Noticed a chaos spawn
  4586 | D:8      | Noticed an orange demon
  4586 | D:8      | Killed a kobold demonologist
  4587 | D:8      | Reached XP level 8. HP: 27/70 MP: 8/10
  5235 | D:8      | Reached skill level 7 in Axes
  5488 | D:8      | Found a staircase to the Lair.
  5580 | D:8      | Found a basalt altar of Yredelemnul.
  6532 | D:7      | Found Hucouq's Assorted Antiques.
  6597 | D:7      | Reached XP level 9. HP: 71/79 MP: 12/12
  7144 | D:7      | Bought a scroll labelled QAKHULEQAEF for 21 gold pieces
  7144 | D:7      | Bought a scroll labelled DOANER PIDIROC for 21 gold pieces
  7144 | D:7      | Bought a scroll of identify for 42 gold pieces
  7144 | D:7      | Bought a scroll labelled DOANER PIDIROC for 21 gold pieces
  7145 | D:7      | Bought 2 puce potions for 37 gold pieces
  7145 | D:7      | Bought a lumpy golden amulet for 105 gold pieces
  7318 | D:6      | Reached skill level 5 in Dodging
  7542 | D:6      | Reached *** piety under Beogh
  7579 | D:6      | Reached skill level 5 in Stealth
  7644 | D:6      | Reached skill level 5 in Invocations
  7666 | D:6      | Reached skill level 8 in Axes
  7763 | D:6      | Found a staircase to the Ecumenical Temple.
  7883 | D:6      | Noticed Maggie
  7905 | D:6      | Killed Maggie
  8576 | D:5      | Found a roughly hewn altar of Beogh.
  9086 | D:5      | Killed meepyknight's ghost
  9718 | Lair:1   | Entered Level 1 of the Lair of Beasts
  9762 | Lair:1   | Reached skill level 5 in Shields
  9762 | Lair:1   | Reached XP level 10. HP: 71/88 MP: 12/14
  9912 | Lair:1   | Reached skill level 9 in Axes
 10333 | Lair:1   | Noticed a cane toad
 10343 | Lair:1   | Killed a cane toad
 10419 | Lair:1   | Noticed a seven-headed hydra
 10430 | Lair:1   | Killed a seven-headed hydra
 10431 | Lair:1   | Reached XP level 11. HP: 34/97 MP: 4/16
 10756 | Lair:1   | Reached skill level 10 in Axes
 10798 | Lair:1   | Noticed a six-headed hydra
 10808 | Lair:1   | Killed a six-headed hydra
 11303 | Lair:1   | Found a runed translucent door.
 11306 | Lair:1   | Noticed Zusoliwk's ghost (journeyman CeHu)
 11311 | Lair:1   | Identified the +8 spear of Fortitude {flame, Int+5}
 11361 | Lair:1   | Reached **** piety under Beogh
 12010 | Lair:1   | Reached skill level 10 in Fighting
 12248 | Lair:1   | Reached skill level 11 in Axes
 12924 | Lair:2   | HP: 4/100 [black mamba (8)]
 12931 | Lair:2   | Reached XP level 12. HP: 7/107 MP: 1/19
 13354 | Lair:2   | Noticed a boulder beetle
 13407 | Lair:2   | Killed a boulder beetle
 13414 | Lair:2   | HP: 5/107 [wyvern (11)]
 13420 | Lair:2   | HP: 1/107 [wyvern (5)]
 13435 | Lair:2   | HP: 3/107 [black bear (2)]
 14016 | Lair:2   | Found a staircase to the Snake Pit.
 14071 | Lair:2   | Noticed a seven-headed hydra
 14080 | Lair:2   | Killed a seven-headed hydra
 14222 | Lair:2   | Identified the ring of the Queen {Fire rN+ Str+3 Dex+2
                  | Stlth+}
 14496 | D:9      | Noticed a two-headed ogre
 14505 | D:9      | Killed a two-headed ogre
 14715 | D:9      | Reached skill level 10 in Invocations
 15230 | D:9      | Found a sacrificial altar of Ru.
 15301 | D:9      | Found Pugreot's Book Shoppe.
 15774 | D:9      | Noticed a two-headed ogre
 15781 | D:9      | Killed a two-headed ogre
 15850 | D:9      | Noticed a centaur warrior
 15856 | D:9      | Killed a centaur warrior
 15857 | D:9      | Reached skill level 12 in Axes
 16201 | D:10     | Entered Level 10 of the Dungeon
 16201 | D:10     | Noticed Harold
 16208 | D:10     | Killed Harold
 16371 | D:10     | Found a snail-covered altar of Cheibriados.
 16406 | D:10     | Found a runed translucent door.
 16422 | D:10     | Gained Bogdar as an ally
 16429 | D:10     | Your ally Bogdar died
 17265 | D:10     | Found a sparkling altar of Nemelex Xobeh.
 17284 | D:10     | Noticed a soul eater
 17963 | D:10     | Reached XP level 13. HP: 96/116 MP: 17/21
 18320 | D:11     | Noticed Snorg
 18326 | D:11     | Killed Snorg
 19523 | D:11     | Found a staircase to the Orcish Mines.
 20689 | D:12     | Reached ***** piety under Beogh
 20690 | D:12     | Found a basalt altar of Yredelemnul.
 21327 | D:12     | Found the +7 mace of Variability {chain chaos}
 21397 | D:12     | Reached skill level 13 in Axes
 23364 | Lair:1   | Killed Zusoliwk's ghost
 24760 | Snake:1  | Entered Level 1 of the Snake Pit
 24802 | Snake:1  | Noticed a naga warrior
 24802 | Snake:1  | Noticed a naga warrior
 24806 | Snake:1  | Killed a naga warrior
 24808 | Snake:1  | Killed a naga warrior
 24809 | Snake:1  | Reached skill level 10 in Shields
 25617 | Snake:1  | Noticed a naga warrior
 25629 | Snake:1  | Killed a naga warrior
 26010 | Snake:1  | Reached XP level 14. HP: 127/127 MP: 23/23
 27562 | Snake:1  | Gained Gorbash as an ally
 28380 | Snake:1  | Your ally Gorbash died
 29731 | Lair:3   | Reached skill level 14 in Axes
 30017 | Lair:3   | Found a staircase to the Shoals.
 30476 | Lair:4   | Gained Korbok as an ally
 30552 | Lair:4   | Identified the +4 broad axe of Darkness {flame, rC- Str+5}
 30594 | Lair:4   | Reached skill level 10 in Stealth
 31995 | Lair:5   | Found a viscous altar of Jiyva.
 31995 | Lair:5   | Found a staircase to the Slime Pits.
 32330 | Lair:5   | Identified the +5 ring mail "Gunusaufau" {Int+2}
 32730 | Lair:6   | Entered Level 6 of the Lair of Beasts
 32772 | Lair:6   | Gained Blodwig as an ally
 32773 | Lair:6   | Reached XP level 15. HP: 84/136 MP: 17/25
 33616 | Lair:6   | Reached skill level 10 in Dodging
 33797 | Lair:6   | Reached ****** piety under Beogh
 33998 | Lair:6   | Found a large runed translucent door.
 34002 | Lair:6   | Found a large runed translucent door.
 34079 | Lair:6   | Reached skill level 15 in Axes
 35030 | Orc:1    | Entered Level 1 of the Orcish Mines
 35087 | Orc:1    | Found a roughly hewn altar of Beogh.
 35653 | D:13     | Found a gate to the Vaults.
 36693 | D:13     | Noticed Josephine
 36704 | D:13     | Killed Josephine
 40844 | Snake:2  | Found Kamos's Assorted Antiques.
 41720 | Snake:2  | Noticed a nagaraja
 41730 | Snake:2  | Killed a nagaraja
 42523 | Snake:2  | Gained Wargath as an ally
 42883 | Snake:2  | Reached XP level 16. HP: 111/147 MP: 8/26
 44118 | Snake:3  | Noticed Roxanne
 44154 | Snake:3  | Noticed Louise
 44172 | Snake:3  | Killed Louise
 44206 | Snake:3  | Noticed a nagaraja
 44211 | Snake:3  | Killed a nagaraja
 44227 | Snake:3  | Killed from afar by a shock serpent

Illustrated notes

Levels and vault maps discovered:
D:1:      mushboom_english_gardens, layout_basic,
          shapermc_ecumenical_altar_mp_highgroup, lemuel_flame_loot_1
D:2:      layout_loops_ring
D:3:      layout_basic
D:4:      layout_loops_ring, doesnt_xom_only_xom,
          minmay_fractal_squares_diagonal_5
D:5:      layout_gridville, biasface_ghost_orc_armoury, moated_statue,
          grunt_ministairs_9
D:6:      layout_loops_cross, minmay_temple_entry_mist, kennysheep_nondescript,
          hangedman_decor_points, uniq_maggie
D:7:      wander_river, layout_basic, makhleb_blood_cavern_becter, serial_shops,
          nicolae_shop_overgrown_old_shop, chequers_jeans, serial_bayou_lake_a
D:8:      layout_cave_pools, lemuel_coloured_pillars_altar, lair_entry_dummy
D:9:      layout_basic, lemuel_tele_altar, serial_shops, nicolae_shop_stone,
          kb_rosetta
D:10:     layout_stronghold, lemuel_round_altar,
          mainiacjoe_overflow_cross_hatched, minmay_st_funbox, minivault_14,
          nicolae_two_hexagons, grunt_decor_junction, uniq_harold
D:11:     layout_irregular_city, david_orc_4, grunt_decor_clamped, uniq_snorg
D:12:     layout_loops_corners, nicolae_yredelemnul_corpse_copse
D:13:     layout_loops_ring, grunt_vaults_entry_fortified, uniq_josephine
Lair:1:   layout_regular_city, ebering_ghost_funeral_grove, beast_lair_carwin_6
Lair:2:   layout_roguey, minmay_snake_entry_six_corridors, serial_bayou_pond_b,
          st_stairs_10, serial_bayou_shore_a
Lair:3:   layout_misc_corridors, minmay_shoals_entry_lonely_mermaid,
          nicolae_lair_grove_arrangements, beast_lair_carwin_8
Lair:4:   dreamdust_isle_of_ice, layout_regular_city, serial_bayou_lagoon_b
Lair:5:   layout_cave_shapes, dpeg_slime_entry_enclosed_altar,
          grunt_megastairs_3
Lair:6:   cheibrodos_lair_end_hotspot, layout_small_grid, st_stairs_11
Snake:1:  kennysheep_six_static_rooms, layout_basic, serial_bayou_shore_b
Snake:2:  layout_cave_town, serial_shops, shop, nicolae_snake_gridmaze_big_u,
          nicolae_snake_gridmaze_spiral
Snake:3:  layout_gridlike, grunt_megastairs_1, uniq_agnes, uniq_roxanne,
          uniq_louise
Orc:1:    gammafunk_beogh_shrine, layout_caves, basic_altar

Skill      XL: |  1  2  3  4  5  6  7  8  9 10 11 12 13 14 15 |
---------------+----------------------------------------------+-----
Fighting       | 4 5 6 7 8 9 10 11 12 13 14 | 14.7
Stealth        | 2 3 4 5 6 7 8 9 10 11 | 11.3
Dodging        | 3 4 5 6 7 8 9 10 | 10.6
Axes           | 5 6 7 8 9 11 12 13 14 15 | 15.7
Invocations    | 2 4 6 7 9 10 12 13 14 | 14.7
Shields        | 2 3 5 6 7 9 10 11 12 | 12.5

Action                   |  1- 3 |  4- 6 |  7- 9 | 10-12 | 13-15 | 16-18 || total
-------------------------+-------+-------+-------+-------+-------+-------++-------
Melee: Hand axe          |   148 |    35 |       |       |       |       ||   183
       Spear             |       |    36 |   214 |   496 |   489 |       ||  1235
       Punch             |       |     1 |       |       |       |       ||     1
       Broad axe         |       |       |       |       |   290 |    44 ||   334
 Fire: Hunting sling     |       |       |     6 |       |       |       ||     6
Throw: Stone             |    19 |    31 |     9 |       |       |       ||    59
       Boomerang         |       |       |    47 |    74 |    33 |       ||   154
       Dart              |       |       |       |     9 |       |       ||     9
       Throwing net      |       |       |       |     3 |       |       ||     3
Invok: Convert to Beogh  |       |     1 |       |       |       |       ||     1
       Recall Orcish Fol |       |       |       |     5 |     3 |       ||     8
       Smiting           |       |       |       |     3 |     1 |       ||     4
       Give Item to Name |       |       |       |       |     1 |       ||     1
       Resurrection      |       |       |       |       |     1 |       ||     1
Evoke: Wand              |       |       |       |    16 |     6 |     1 ||    23
       Condenser vane    |       |       |       |       |     1 |       ||     1
  Use: Scroll            |     5 |     3 |     5 |    11 |     9 |     2 ||    35
       Potion            |       |       |     5 |    11 |     4 |     2 ||    22
 Stab: Sleeping          |     2 |     1 |       |       |     6 |       ||     9
       Distracted        |       |       |     1 |     8 |     8 |       ||    17
Armor: Robe              |    19 |       |       |       |       |       ||    19
       Ring mail         |    20 |    12 |       |       |       |       ||    32
       Leather armour    |     8 |       |     1 |       |       |       ||     9
       Chain mail        |       |     4 |    63 |   115 |   162 |       ||   344
       Plate armour      |       |       |       |       |   139 |     8 ||   147
Dodge: Dodged            |    86 |    25 |    63 |   233 |   443 |    27 ||   877
Block: Buckler           |       |       |    47 |   142 |   406 |    28 ||   623
